 Dungeon Crawl Stone Soup version 0.17-a0-1642-gd4b747b (webtiles) character file.

117 KINGKRU the Skirmisher (level 5, 0/46 HPs)
             Began as a Hill Orc Fighter on Aug 11, 2015.
             Was an Initiate of Makhleb.
             Slain by Harowaki's ghost (9 damage)
             ... on level 3 of the Dungeon.
             The game lasted 00:13:35 (1886 turns).

KINGKRU the Skirmisher (Hill Orc Fighter)           Turns: 1886, Time: 00:13:35

Health: 0/46       AC:  7    Str: 20      XL:     5   Next: 1%
Magic:  5/5        EV:  7    Int:  8      God:    Makhleb [......]
Gold:   38         SH: 10    Dex:  9 (10) Spells: 0 memorised, 4 levels left

rFire  . . .     SeeInvis .     a - +0 war axe
rCold  . . .     Clarity  .     b - +0 scale mail
rNeg   . . .     SustAt   .     c - +1 shield
rPois  .         Gourm    .     (no helmet)
rElec  .         Spirit   .     (no cloak)
rCorr  .         Warding  .     (no gloves)
rMut   .         Stasis   .     (no boots)
MR     .....                    (no amulet)
Stlth  ..........               (no ring)
                                (no ring)

@: not resistant to hostile enchantments, extremely unstealthy
A: no striking features
a: Renounce Religion


You were on level 3 of the Dungeon.
You worshipped Makhleb.
Makhleb was noncommittal.
You were not hungry.

You visited 1 branch of the dungeon, and saw 3 of its levels.

You collected 38 gold pieces.

Inventory:

Hand weapons
 a - a +0 war axe (weapon)
Armour
 b - a +0 scale mail (worn)
 c - a +1 shield (worn)
Scrolls
 g - a scroll of remove curse
Potions
 d - a potion of might
Books
 j - a book of Clouds

   Spells                             Type                      Level
   a - Mephitic Cloud                 Conjuration/Poison/Air       3
   b - Conjure Flame                  Conjuration/Fire             3
   c - Poisonous Cloud                Conjuration/Poison/Air       6
   d - Freezing Cloud                 Conjuration/Ice/Air          6
   e - Ring of Flames                 Charms/Fire                  7
Comestibles
 e - 5 bread rations


   Skills:
 + Level 4.1 Fighting
 + Level 4.0 Axes
 + Level 4.0 Armour
 + Level 1.1 Dodging
 + Level 4.1 Shields


You had 4 spell levels left.
You didn't know any spells.

Dungeon Overview and Level Annotations

Branches:
Dungeon (3/15)

Altars:
Cheibriados
Makhleb
Okawaru
Zin

Annotations:
D:3 Harowaki's ghost, weakling CeHu


Message History

Harowaki's ghost is severely damaged.
Harowaki's ghost closely misses you.
You hit Harowaki's ghost.
Harowaki's ghost is severely damaged.
Harowaki's ghost hits you but does no damage.
Harowaki's ghost hits you.
You closely miss Harowaki's ghost.
Harowaki's ghost is severely damaged.
Harowaki's ghost hits you!
You hit Harowaki's ghost but do no damage.
Harowaki's ghost is severely damaged.
Harowaki's ghost hits you!
You closely miss Harowaki's ghost.
Harowaki's ghost is severely damaged.
Harowaki's ghost hits you!
* * * LOW HITPOINT WARNING * * *
Harowaki's ghost hits you.
* * * LOW HITPOINT WARNING * * *
Harowaki's ghost hits you!
You die...

,,*,,,,,* *,,*,,,,,*,**,*
***,,,,,* #..#.###.#.##.# *******
#..#.#..,#.##.# #(.#.#.###.##.#
***###...........#.#
*,,.....#.#.#.#..#.#
#,####..#.....#..#.#
*********###.#...........#..#.###
,,,,,,,,,.......@W............†..
,,,,,,,,,..#.#................###
*,,,,,,,**.*,#..#.#############**
*,*****,**..,#..#.# *<*,, *,*
*,**#..#..#)#######****,*,* ,,*
*,,,...............,,,*,,,,
**********##.##.#.#######**,***+*
*,,,,,,........# ******,*,,,,
*,*****##.##.#.####...,*,*,,,,


You could see Harowaki's ghost.

Vanquished Creatures
  Ijyb (D:3)
  A hound (D:3)
  2 adders
  A worm (D:2)
  A giant gecko (D:1)
  An orc (D:3)
  A ball python (D:1)
  10 giant cockroaches
  8 hobgoblins
  5 kobolds
  3 bats
  A giant newt (D:2)
  2 goblins
  2 rats
39 creatures vanquished.

Notes
Turn   | Place    | Note
--------------------------------------------------------------
     0 | D:1      | KINGKRU the Hill Orc Fighter began the quest for the Orb.
     0 | D:1      | Reached XP level 1. HP: 19/19 MP: 1/1
   197 | D:1      | Reached XP level 2. HP: 21/27 MP: 2/2
   898 | D:2      | Reached XP level 3. HP: 20/33 MP: 3/3
  1334 | D:3      | Found a glowing silver altar of Zin.
  1474 | D:3      | Found an iron altar of Okawaru.
  1475 | D:3      | Found a snail-covered altar of Cheibriados.
  1578 | D:3      | Noticed Ijyb
  1603 | D:3      | Killed Ijyb
  1603 | D:3      | Reached skill level 1 in Dodging
  1603 | D:3      | Reached skill level 4 in Shields
  1603 | D:3      | Reached XP level 4. HP: 23/40 MP: 4/4
  1740 | D:3      | Found a burning altar of Makhleb.
  1757 | D:3      | Became a worshipper of Makhleb the Destroyer
  1851 | D:3      | Reached XP level 5. HP: 44/46 MP: 5/5
  1868 | D:3      | Noticed Harowaki's ghost (weakling CeHu)
  1886 | D:3      | Slain by Harowaki's ghost

Vault maps used:
D:1:      sevenhm_arrival_forest_fort_small_3
D:2:      first_bread
D:3:      nicolae_overflow_hidden_temple, makhleb_blood_cavern_becter, uniq_iyjb

Action                   |  1- 3 |  4- 6 || total
-------------------------+-------+-------++-------
Melee: War axe           |   112 |    26 ||   138
  Use: Scroll            |     8 |       ||     8
       Potion            |     3 |       ||     3
  Eat: Bread ration      |     1 |       ||     1
